 Dungeon Crawl Stone Soup version 0.29.0-13-gc9e81de378 (webtiles) character file.

Game seed: 3006031404305788686

368 gelatine the Firebug (level 6, 0/46 HPs)
             Began as a Demonspawn Fire Elementalist on Sept 11, 2022.
             Slain by a necrophage (7 damage)
             ... on level 3 of the Dungeon.
             The game lasted 00:12:56 (3926 turns).

gelatine the Firebug (Demonspawn Fire Elementalist) Turns: 3926, Time: 00:12:56

Health: 0/46       AC:  4    Str:  8    XL:     6   Next: 41%
Magic:  10/11      EV: 12    Int: 21    God:
Gold:   151        SH:  0    Dex: 13    Spells: 9/12 levels left

rFire   . . .      SeeInvis .   d - +0 dagger
rCold   + . .      Faith    .   (no shield)
rNeg    . . .      Spirit   .   a - +0 robe
rPois   +          Reflect  .   (helmet restricted)
rElec   .          Harm     .   (no cloak)
rCorr   .          Rampage  .   x - +0 pair of gloves
Will    .....                   m - +0 pair of boots
Stlth   ++........              t - amulet of regeneration
HPRegen 0.95/turn               u - ring of protection from cold
MPRegen 0.12/turn               (no ring)

@: no status effects
A: horns 1, powered by pain 2, big brain 1, talons 1, poison resistance, robust
1
a: no special abilities


You were on level 3 of the Dungeon.
You visited 1 branch of the dungeon, and saw 4 of its levels.

You collected 151 gold pieces.

Inventory:

Hand Weapons
 d - a +0 dagger (weapon)
 p - a +0 lajatang
Armour
 a - a +0 robe (worn)
 m - a +0 pair of boots (worn)
 x - a +0 pair of gloves (worn)
Jewellery
 t - an amulet of regeneration (around neck)
 u - a ring of protection from cold (left hand)
Wands
 v - a wand of flame (16)
Scrolls
 e - a scroll of poison {unknown}
 g - a scroll of teleportation {unknown}
 i - 4 scrolls of identify {unknown}
 j - 2 scrolls of magic mapping {unknown}
 l - a scroll of fog {unknown}
 n - a scroll of brand weapon {unknown}
 o - 2 scrolls of blinking {unknown}
 q - a scroll of silence {unknown}
 w - a scroll of noise {unknown}
 y - 2 scrolls of torment
Potions
 b - a potion of magic
 c - a potion of mutation
 f - a potion of heal wounds {unknown}
 h - a potion of brilliance {unknown}
 k - a potion of lignification {unknown}
 r - a potion of curing {unknown}
 s - a potion of berserk rage {unknown}
 z - a potion of haste {unknown}
 A - a potion of flight {unknown}


   Skills:
 + Level 0.6 Fighting
 + Level 0.5 Short Blades
 + Level 2.4 Dodging
 + Level 2.6 Stealth
 + Level 3.5 Spellcasting
 + Level 2.9 Conjurations
 + Level 4.3 Fire Magic


You had 9 spell levels left.
You knew the following spells:

 Your Spells              Type           Power      Damage    Failure   Level
a - Foxfire               Conj/Fire      76%        2x1d7     2%          1
b - Scorch                Fire           42%        2d7       3%          2

Your spell library contained the following spells:

 Spells                   Type           Power      Damage    Failure   Level
 Conjure Flame            Conj/Fire      19%        6-21      9%          3
 Inner Flame              Hex/Fire       12%        N/A       16%         3
 Flame Wave               Conj/Fire      19%        2d7       28%         4
 Call Canine Familiar     Summ           3%         N/A       36%         3
 Gell's Gravitas          Tloc           3%         N/A       36%         3
 Lesser Beckoning         Tloc           3%         N/A       36%         3
 Portal Projectile        Hex/Tloc       6%         N/A       36%         3
 Teleport Other           Tloc           3%         N/A       36%         3
 Leda's Liquefaction      Hex/Erth       1%         N/A       77%         4


Dungeon Overview and Level Annotations

Branches:
Dungeon (4/15)
 Temple: D:4-7

Altars:
Ashenzari
Cheibriados

Shops:
D:1 *


Innate Abilities, Weirdness & Mutations

You have a pair of small horns on your head.
You sometimes gain power by taking damage.
You have an unusually large brain. (Int +2)
You have sharp toenails.
Your system is resistant to poisons. (rPois)
You are robust. (+10% HP)


Message History

The orc priest mumbles some strange prayers to Beogh against you.
Beogh smites you!
You focus on the pain.
You feel your power returning.
You conjure some foxfire!
The foxfire hits the orc priest.
The orc priest is lightly wounded.
The foxfire hits the orc priest.
The orc priest is moderately wounded.
The foxfire hits the orc.
The orc is heavily wounded.
The orc priest mumbles some strange prayers to Beogh against you.
Beogh smites you! The orc hits you with a +0 club.
You are too injured to fight recklessly!
You are too injured to fight recklessly!
Unknown command.
Unknown command.
You are too injured to fight recklessly!
The foxfire hits the orc!
You kill the orc!
The orc wizard hits you with a +0 dagger.
* * * LOW HITPOINT WARNING * * *
The orc priest casts a cantrip, but nothing happens.
The necrophage completely misses you.
The orc priest hits you but does no damage.
You climb upwards.
There is a stone staircase leading down here.
As you read the scroll labelled ESESTO OMIOCKI, it crumbles to dust.
Your body is wracked with pain!
* * * LOW HITPOINT WARNING * * *
The orc priest convulses!
The orc wizard convulses!
The orc convulses!
It was a scroll of torment.
The orc wizard hits you but does no damage.
The necrophage hits you but does no damage.
The orc hits you with a +0 club.
* * * LOW HITPOINT WARNING * * *
The orc priest misses you.
It was a potion of mutation.
You feel extremely strange.
You feel resistant to poisons.
You feel robust.
Your toenails lengthen and sharpen.
The orc wizard hits you but does no damage.
The necrophage hits you!
You die...

#......# #.)#########
#......####..##.......
#............##.######
#......#####.##.######
######.#..............
##....#.###.#####.
#####.................
#.<.n...#....#[#.###.#
#.###@o.)........#<..#
#.# #oo......[.#######
#.# #...#.#...###...##
#.###...#.#..#..###..#
#......##.#..#....##.#
###.......#..#.....#..
#..[....###..#..#####.
#.......######..#...#.
#...............'._.#.


You could see a necrophage, an orc priest, an orc wizard and an orc.

Vanquished Creatures
  A black bear (D:2)
  A hound (D:2)
  An orc priest (D:3)
  Jessica (D:3)
  Ijyb (D:3)
  Robin (D:3)
  A gnoll (D:1)
  6 adders
  2 worms
  7 orcs
  4 endoplasms
  4 giant cockroaches
  8 goblins
  8 hobgoblins
  10 jackals (D:2)
  3 quokkas
  2 ball pythons
  5 bats
  3 frilled lizards
  4 kobolds
  4 rats
77 creatures vanquished.

Vanquished Creatures (others)
  284 foxfires
284 creatures vanquished.

Grand Total: 361 creatures vanquished

Notes
Turn   | Place    | Note
-------+----------+-------------------------------------------
     0 | D:1      | gelatine the Demonspawn Fire Elementalist began the quest
                  | for the Orb.
     0 | D:1      | Reached XP level 1. HP: 13/13 MP: 3/3
   280 | D:1      | Found Direpo's General Store.
   438 | D:1      | Reached skill level 3 in Fire Magic
   438 | D:1      | Gained mutation: You sometimes gain a little power by
                  | taking damage. [demonic ancestry]
   438 | D:1      | Reached XP level 2. HP: 19/19 MP: 0/5
  1126 | D:1      | Gained mutation: You have a pair of small horns on your
                  | head. [demonic ancestry]
  1126 | D:1      | Reached XP level 3. HP: 24/24 MP: 3/6
  1506 | D:2      | Found a snail-covered altar of Cheibriados.
  1765 | D:2      | Gained mutation: You sometimes gain power by taking damage.
                  | [demonic ancestry]
  1765 | D:2      | Reached XP level 4. HP: 30/30 MP: 0/8
  2105 | D:2      | Learned a level 2 spell: Scorch
  2399 | D:2      | Noticed a black bear
  2410 | D:2      | Killed a black bear
  2411 | D:2      | Gained mutation: You have an unusually large brain. (Int
                  | +2) [demonic ancestry]
  2411 | D:2      | Reached XP level 5. HP: 15/36 MP: 1/9
  2845 | D:3      | Noticed Robin
  2847 | D:3      | Killed Robin
  3102 | D:3      | Reached XP level 6. HP: 34/42 MP: 2/11
  3275 | D:3      | Noticed Ijyb
  3285 | D:3      | Killed Ijyb
  3286 | D:3      | Reached skill level 4 in Fire Magic
  3368 | D:3      | Found a broken altar of Ashenzari.
  3387 | D:3      | Noticed Jessica
  3392 | D:3      | Killed Jessica
  3926 | D:3      | Gained mutation: Your system is resistant to poisons.
                  | (rPois) [potion of mutation]
  3926 | D:3      | Gained mutation: You are robust. (+10% HP) [potion of
                  | mutation]
  3926 | D:3      | Gained mutation: You have sharp toenails. [potion of
                  | mutation]
  3926 | D:3      | Slain by a necrophage

Illustrated notes

Levels and vault maps discovered:
D:1:      lightli_arrival_statuegarden, layout_basic, serial_shops,
          nicolae_shop_window_shopping, minmay_pentomino_o2
D:2:      layout_basic, basic_altar, st_stairs_4
D:3:      layout_basic, nicolae_ashenzari_skybound, kennysheep_generic_room_10,
          uniq_robin, uniq_jessica, uniq_ijyb
D:4:      layout_loops_ring, lemuel_round_altar, nicolae_wu_jian_wuxing_cycle

Skill      XL: |  1  2  3  4  5  6 |
---------------+-------------------+-----
Dodging        | 2 |  2.4
Fire Magic     | 3 4 |  4.3
Stealth        | 2 |  2.6
Spellcasting   | 3 |  3.5
Conjurations   | 2 |  2.9
Fighting       | |  0.6
Short Blades   | |  0.5

Action                   |  1- 3 |  4- 6 || total
-------------------------+-------+-------++-------
Melee: Unarmed           |     2 |       ||     2
       Dagger            |     7 |    18 ||    25
       Headbutt          |     2 |     2 ||     4
 Cast: Foxfire           |    80 |    83 ||   163
       Scorch            |       |    24 ||    24
  Use: Scroll            |       |     1 ||     1
       Potion            |       |     1 ||     1
Armor: Robe              |     8 |    11 ||    19
Dodge: Dodged            |    23 |    36 ||    59
